 Dungeon Crawl Stone Soup version 0.31-a0-237-g2d982f9f85 (webtiles) character file.

Game seed: 11616940784238296498

41 qw the Shooter (level 3, 0/21 HPs)
             Began as a Gargoyle Hexslinger on July 10, 2023.
             Slain by a goblin
             ... wielding a +0 club
             ... led by Robin
              (2 damage)
             ... on level 2 of the Dungeon.
             The game lasted 00:00:12 (260 turns).

qw the Shooter (Gargoyle Hexslinger)                 Turns: 260, Time: 00:00:13

Health: 0/21       AC:  5    Str: 11    XL:     3   Next: 52%
Magic:  4/4        EV: 12    Int: 13    God:
Gold:   6          SH:  0    Dex: 14    Spells: 3/4 levels left

rFire   . . .        a - +1 sling
rCold   . . .        (no shield)
rNeg    + . .        c - +0 robe
rPois   inf          (no helmet)
rElec   +            (no cloak)
rCorr   .            (no gloves)
SInv    .            (no boots)
Will    .....        (no amulet)
Stlth   +            (no ring)
HPRegen 0.23/turn    (no ring)
MPRegen 0.09/turn

%: no passive effects
@: no status effects
A: sickness immunity, AC +3, negative energy resistance 1, electricity
resistance, torment resistance 1, petrification resistance
a: no special abilities


You were on level 2 of the Dungeon.
You visited 1 branch of the dungeon, and saw 2 of its levels.

You collected 6 gold pieces.


Innate Abilities, Weirdness & Mutations

You are immune to sickness and miasma.
Your stone body is resilient. (AC +3)
You are immune to poison.
You resist negative energy. (rN+)
You are resistant to electric shocks. (rElec)
You are resistant to unholy torment.
You are immune to petrification.


   Skills:
 - Level 2.1 Fighting
 + Level 3.3 Ranged Weapons
 - Level 1.5 Dodging
 - Level 1.0 Spellcasting
 - Level 2.6 Hexes


You had 3 spell levels left.
You knew the following spells:

 Your Spells              Type           Power      Damage    Failure   Level
a - Slow                  Hex            28%        N/A       10%         1

Your spell library contained the following spells:

 Spells                   Type           Power      Damage    Failure   Level
 Inner Flame              Hex/Fire       4%         N/A       43%         3
 Portal Projectile        Hex/Tloc       8%         N/A       43%         3
 Cause Fear               Hex            3%         N/A       67%         4

Inventory:

Hand Weapons
 a - a +1 sling (weapon)
Armour
 c - a +0 robe (worn)
 d - a +0 ring mail
Scrolls
 b - a scroll of poison
 e - a scroll of noise {unknown}

Dungeon Overview and Level Annotations

Branches:
Dungeon (1/15)

Altars:

Annotations:
D:2 Robin, Sigmund


Message History

The sling bullet closely misses the adder.
The sling bullet completely misses the goblin.
The sling bullet barely misses the goblin.
The sling bullet barely misses the rat.
A rat comes into view.
Sigmund the Dreaded comes into view.
He is wielding a +0 scythe of venom and wearing a +1 robe of resistance.
A goblin comes into view. It is wielding a +0 dagger.
You shoot a sling bullet.
Sigmund shouts!
The sling bullet hits the adder.
The adder is moderately wounded.
The adder barely misses you. The adder closely misses you.
You shoot a sling bullet. The sling bullet hits the adder!
You kill the adder!
The goblin barely misses you.
You shoot a sling bullet.
The sling bullet closely misses the goblin.
The goblin hits you but does no damage. The goblin misses you.
The goblin hits you but does no damage.
Robin of the Strong Arm comes into view.
They are wielding a +3 dagger of freezing and carrying a wand of polymorph (8).
You shoot a sling bullet.
The sling bullet barely misses the goblin.
The goblin completely misses you.
Robin roars a battlecry!
The goblins go into a battle-frenzy!
The goblin hits you with a +0 club. The goblin misses you.
You shoot a sling bullet.
The sling bullet barely misses the goblin.
The goblin hits you with a +0 club. The goblin closely misses you.
The goblin hits you but does no damage. The goblin hits you with a +0 club.
The goblin hits you but does no damage. The goblin hits you with a +0 club.
The goblin barely misses you. The goblin hits you with a +0 club.
The goblin hits you but does no damage.
You shoot a sling bullet. The sling bullet hits the goblin.
You kill the goblin!
The goblin hits you with a +0 club. x2; The goblin barely misses you.
Robin roars a battlecry!
The goblin goes into a battle-frenzy!
The goblin closely misses you. The goblin hits you with a +0 club.
You die...

... ..g ## .g. .
#.# .# #g# .!#
###.#####r##.@#
#.......ggg...#
#.#.....g@gr..#
#.#######g#####
#.# #.# #.# #.#
##.####.#######.#
.......[........#
##.####.###.#####
#.# #.# #.# #.#


You could see Sigmund, Robin, 8 goblins and 2 rats.

Vanquished Creatures
  2 adders (D:2)
  A worm (D:2)
  2 endoplasms (D:1)
  4 hobgoblins
  3 jackals (D:1)
  A kobold (D:1)
  2 ball pythons
  A frilled lizard (D:1)
  3 goblins
  2 rats
21 creatures vanquished.

Notes
Turn   | Place    | Note
-------+----------+-------------------------------------------
     0 | D:1      | qw the Gargoyle Hexslinger began the quest for the Orb.
     0 | D:1      | Reached XP level 1. HP: 12/12 MP: 2/2
     0 | D:1      | 0 ||| qw: Version: 0.3-a-52-g30416fa
     0 | D:1      | 0 ||| qw: Game counter: 5074
     0 | D:1      | 0 ||| qw: Melee chars always use a shield: true
     0 | D:1      | 0 ||| qw: God list: Okawaru
     0 | D:1      | 0 ||| qw: Allow faded altars: false
     0 | D:1      | 0 ||| qw: Do Orc after clearing Dungeon:15 true
     0 | D:1      | 0 ||| qw: Do second Lair branch before Depths: true
     0 | D:1      | 0 ||| qw: Lair rune preference: random
     0 | D:1      | 0 ||| qw: Goals: Normal
     0 | D:1      | 0 ||| PLANNING D:1-11
   103 | D:1      | Reached XP level 2. HP: 16/16 MP: 3/3
   195 | D:1      | Reached skill level 3 in Ranged Weapons
   195 | D:1      | You fall into a shaft and drop 1 floor!
   210 | D:2      | Reached XP level 3. HP: 21/21 MP: 4/4
   254 | D:2      | Noticed Sigmund
   257 | D:2      | Noticed Robin
   260 | D:2      | HP: 2/21 [goblin/+0 club[Robin] (6)]
   260 | D:2      | Slain by a goblin

Levels and vault maps discovered:
D:1:      saegor_arrival_fortress, layout_basic, nicolae_grassy_gnolls
D:2:      layout_loops_ring, uniq_robin, uniq_terence, uniq_sigmund

Skill      XL: |  1  2  3 |
---------------+----------+-----
Ranged Weapons | 3 |  3.3
Fighting       | 2 |  2.1
Dodging        | |  1.5
Spellcasting   | |  1.0
Hexes          | |  2.6

Action                     || total
---------------------------++-------
   Fire: Sling             ||    70
 Armour: Robe              ||    14
  Dodge: Dodged            ||    36

Table legend:
 A = Non-vault XP
 B = Vault XP
 C = Vault XP percentage of total XP
 D = Non-vault monster count
 E = Vault monster count
 F = Vault count percentage of total count
                 A         B        C        D         E       F
            +---------+---------+-------+---------+---------+-------
      Total |      55 |       6 |   9.8 |      18 |       3 |  14.3
            +---------+---------+-------+---------+---------+-------
        D:1 |      20 |       0 |   0.0 |      12 |       0 |   0.0
        D:2 |      35 |       6 |  14.6 |       6 |       3 |  33.3
            +---------+---------+-------+---------+---------+-------
